 Dungeon Crawl Stone Soup version 0.30-a0-46-g5a63ccc183 (webtiles) character file.

Game seed: 2596167022000025748

838 jlumianski the Chopper (level 7, -3/54 HPs)
             Began as a Demonspawn Gladiator on Sept 2, 2022.
             Slain by an ogre
             ... wielding a +0 giant club
              (18 damage)
             ... on level 4 of the Dungeon.
             The game lasted 00:15:24 (4977 turns).

jlumianski the Chopper (Demonspawn Gladiator)       Turns: 4977, Time: 00:15:25

Health: -3/54      AC: 17    Str: 17    XL:     7   Next: 67%
Magic:  7/7        EV:  8    Int: 11    God:
Gold:   142        SH:  5    Dex: 16    Spells: 6/6 levels left

rFire   + . .      SeeInvis +    a - +0 war axe
rCold   + . .      Faith    .    (no shield)
rNeg    . . .      Spirit   .    j - +0 chain mail
rPois   +          Reflect  +    (helmet restricted)
rElec   .          Harm     .    u - scarf {+Inv}
rCorr   .          Rampage  .    g - +2 pair of gloves
Will    .....                    A - +0 pair of boots of the Yeti {rPois rC+}
Stlth   ..........               K - amulet of reflection
HPRegen 0.18/turn                v - ring of see invisible
MPRegen 0.10/turn                H - ring "Vuide" {rF+ AC+4 Dex+2}

@: no status effects
A: horns 1, big brain 1
a: Evoke Invisibility


You were on level 4 of the Dungeon.
You visited 1 branch of the dungeon, and saw 5 of its levels.

You collected 142 gold pieces.

Inventory:

Hand Weapons
 a - a +0 war axe (weapon)
Missiles
 d - 5 throwing nets
 e - a javelin
 l - 28 stones
 r - 9 boomerangs (quivered)
 w - 3 silver boomerangs
 B - 14 poisoned darts
Armour
 b - a +0 leather armour
 c - a +0 helmet
 f - a +0 ring mail
 g - a +2 pair of gloves (worn)
 j - a +0 chain mail (worn)
 u - a scarf of invisibility (worn)
 A - the +0 pair of boots of the Yeti (worn) {rPois rC+}
   (You found it on level 4 of the Dungeon)

   rC:        It protects you from cold.
   rPois:     It protects you from poison.
Magical Staves
 p - a staff of earth
Jewellery
 v - a ring of see invisible (left hand)
 E - a ring of flight
 H - the ring "Vuide" (right hand) {rF+ AC+4 Dex+2}
   (You found it on level 5 of the Dungeon)

   [ring of protection]

   AC:        It affects your AC (+4).
   Dex:       It affects your dexterity (+2).
   rF:        It protects you from fire.
 J - a ring of positive energy
 K - an amulet of reflection (around neck)
Wands
 n - a wand of light (7)
 s - a wand of paralysis (8)
Scrolls
 h - a scroll of amnesia
 k - a scroll of fog
 x - a scroll of blinking {unknown}
 y - 2 scrolls of poison {unknown}
 C - a scroll of acquirement {unknown}
 F - a scroll of teleportation
Potions
 i - a potion of lignification
 m - a potion of curing
 o - a potion of attraction
 q - a potion of flight {unknown}
 t - a potion of magic
 z - a potion of degeneration {unknown}
 D - a potion of haste {unknown}
 G - a potion of ambrosia
 I - a potion of brilliance {unknown}


   Skills:
 + Level 4.0 Fighting
 + Level 6.0 Axes
 + Level 1.9 Throwing
 + Level 3.2 Armour
 + Level 3.3 Dodging
 + Level 0.5 Stealth
 * Level 2.2 Evocations


You had 6 spell levels left.
You didn't know any spells.
Your spell library contained the following spells:

 Spells                   Type           Power      Damage    Failure   Level
 Magic Dart               Conj           0%         1d3       99%         1
 Slow                     Hex            0%         N/A       99%         1
 Ensorcelled Hibernation  Hex/Ice        0%         N/A       100%        2
 Searing Ray              Conj           0%         2d4       100%        2
 Confusing Touch          Hex            0%         N/A       100%        3
 Dazzling Flash           Conj/Hex       0%         N/A       100%        3
 Vampiric Draining        Necr           0%         2d6       100%        3
 Cause Fear               Hex            0%         N/A       100%        4
 Fulminant Prism          Conj/Hex       0%         3d6       100%        4


Dungeon Overview and Level Annotations

Branches:
Dungeon (5/15)
 Temple: D:4-7

Altars:
Gozag
Makhleb
Wu Jian

Shops:
D:1 [


Innate Abilities, Weirdness & Mutations

You have a pair of small horns on your head.
You have an unusually large brain. (Int +2)


Message History

The hound bites you but does no damage. The hound attacks as you move away!
The hound completely misses you. The hound bites you but does no damage.
The hound attacks as you move away! The hound bites you but does no damage.
The hound bites you but does no damage. The hound attacks as you move away!
The hound closely misses you.
You see here a hound corpse.
The hound bites you but does no damage.
There is a stone staircase leading up here.
The hound bites you but does no damage.
You climb upwards.
There is a stone staircase leading down here.
You closely miss the hound. You block the hound's attack.
The hound bites you but does no damage.
You slash the hound!
The hound is heavily wounded.
You block the hound's attack. The hound bites you but does no damage.
You slash the hound!
The hound is almost dead.
The hound bites you but does no damage. The hound barely misses you.
You closely miss the hound.
The hound is almost dead.
The hound completely misses you. The hound barely misses you.
You hit the hound.
You kill the hound!
Your Axes skill increases to level 6!
There is a stone staircase leading down here.
You climb downwards.
The ogre hits you with a +0 giant club!
There is a stone staircase leading up here.
The ogre hits you with a +0 giant club!
You climb upwards.
There is a stone staircase leading down here.
You slash the ogre! Your headbutt misses the ogre.
The ogre is moderately wounded.
The ogre hits you with a +0 giant club!!
* * * LOW HITPOINT WARNING * * *
You completely miss the ogre. You headbutt the ogre. You punch the ogre.
The ogre is severely wounded.
The ogre hits you with a +0 giant club!!
You die...

########.#####.#
#.....##.# #.#
#.....##.### #.#
###..........###.#
#..........#......
#.#.....#..#####..
#.###.###.........
#.# #.# #.########
#@# #.# #.# #
#O###.###.# #
#.#.......# ##
#.#.#.###.# ##.
#.........# ##..
###.#.##..# ##...
#.#.....####....
#.##.......'....
#.###...####....


You could see an ogre.

Vanquished Creatures
  Sigmund (D:4)
  A black bear (D:4)
  Blork the orc (D:4)
  A jelly (D:5)
  A gnoll bouda (D:5)
  2 hounds
  2 orc priests (D:4)
  5 orc wizards
  3 adders (D:3)
  9 gnolls
  2 worms (D:2)
  4 dart slugs
  13 orcs
  6 endoplasms
  6 giant cockroaches
  6 goblins
  8 hobgoblins
  3 jackals (D:2)
  4 quokkas
  2 ball pythons (D:2)
  3 bats
  A frilled lizard (D:3)
  5 kobolds
  A rat (D:2)
90 creatures vanquished.

Notes
Turn   | Place    | Note
-------+----------+-------------------------------------------
     0 | D:1      | jlumianski the Demonspawn Gladiator began the quest for the
                  | Orb.
     0 | D:1      | Reached XP level 1. HP: 16/16 MP: 1/1
   281 | D:1      | Found a faded altar of an unknown god.
   385 | D:1      | Reached skill level 3 in Axes
   400 | D:1      | Gained mutation: You have a pair of small horns on your
                  | head. [demonic ancestry]
   400 | D:1      | Reached XP level 2. HP: 22/22 MP: 2/2
   653 | D:1      | Got the Compilation of Charming Exhumation
   706 | D:1      | Found Upynitif's Armour Emporium.
  1253 | D:2      | Reached XP level 3. HP: 27/27 MP: 3/3
  1608 | D:3      | Reached skill level 1 in Armour
  1859 | D:2      | Gained mutation: You have an unusually large brain. (Int
                  | +2) [demonic ancestry]
  1859 | D:2      | Reached XP level 4. HP: 19/34 MP: 4/4
  2081 | D:3      | Found an opulent altar of Gozag.
  2291 | D:3      | Reached skill level 4 in Axes
  2633 | D:3      | Reached XP level 5. HP: 36/41 MP: 5/5
  3323 | D:4      | Noticed Blork the orc
  3330 | D:4      | Killed Blork the orc
  3331 | D:4      | Reached XP level 6. HP: 16/47 MP: 6/6
  3940 | D:4      | Identified the +0 pair of boots of the Yeti {rPois rC+}
  4053 | D:4      | Noticed Sigmund
  4058 | D:4      | Killed Sigmund
  4059 | D:4      | Reached skill level 5 in Axes
  4059 | D:4      | Reached skill level 1 in Evocations
  4059 | D:4      | Reached XP level 7. HP: 46/53 MP: 7/7
  4427 | D:5      | Entered Level 5 of the Dungeon
  4484 | D:5      | Identified the ring "Vuide" {rF+ AC+4 Dex+2}
  4509 | D:5      | Found an ornate altar of the Wu Jian Council.
  4843 | D:5      | Found a burning altar of Makhleb.
  4970 | D:4      | Reached skill level 6 in Axes
  4977 | D:4      | Slain by an ogre

Illustrated notes

Levels and vault maps discovered:
D:1:      dpeg_arrival_rhombus, layout_basic, ebering_ecumenical_altar_mist,
          serial_shops, nicolae_shop_hallway_stairs
D:2:      layout_basic
D:3:      layout_basic, overflow_temple_1_default
D:4:      layout_loops_corners, kennysheep_mini_moat, uniq_blork_the_orc,
          uniq_sigmund
D:5:      layout_layer_cave, makhleb_heckhound_becter,
          mainiacjoe_overflow_six_doors_small, serial_shops,
          nicolae_lakefront_shop, chequers_avenue

Skill      XL: |  1  2  3  4  5  6  7 |
---------------+----------------------+-----
Axes           | 3 4 5 6 |  6.0
Dodging        | 3 |  3.3
Armour         | 1 2 3 |  3.2
Fighting       | 3 4 |  4.0
Evocations     | 1 2 |  2.2
Throwing       | |  1.9
Stealth        | |  0.5

Action                   |  1- 3 |  4- 6 |  7- 9 || total
-------------------------+-------+-------+-------++-------
Melee: War axe           |    92 |    86 |    43 ||   221
       Headbutt          |     7 |    20 |     9 ||    36
       Punch             |     1 |       |     2 ||     3
Throw: Boomerang         |       |     1 |     4 ||     5
  Use: Scroll            |     6 |     3 |       ||     9
       Potion            |     1 |     1 |     1 ||     3
Armor: Ring mail         |    17 |       |       ||    17
       Chain mail        |    38 |    69 |    55 ||   162
Dodge: Dodged            |    49 |    64 |    32 ||   145
Block: Other             |       |       |     2 ||     2

Table legend: (Time is in decaauts)
 A = Elapsed time spent in this place.
 B = Non-inter-level travel time spent in this place.
 C = Inter-level travel time spent in this place.
 D = Time resting spent in this place.
 E = Time spent auto-exploring this place.
 F = Levels seen in this place.
 G = Mean time per level.
                   A        B        C        D        E       F      G
               +--------+--------+--------+--------+--------+-----+--------+
         Total |   5052 |   5042 |     10 |    586 |   2809 |   5 | 1010.4 |
       Dungeon |   5052 |   5042 |     10 |    586 |   2809 |   5 | 1010.4 |
               +--------+--------+--------+--------+--------+-----+--------+

Top non-repeatable levels by time:
     D:4: 1618 daAuts
     D:3: 1108 daAuts
     D:1: 1090 daAuts
     D:2: 910 daAuts
     D:5: 325 daAuts
